[Event "Hector S Nazzari Memorial 2019"]
[Site "Montevideo"]
[Date "2019.10.20"]
[Round "7.13"]
[White "Soto, Nicolas"]
[Black "Saralegui, Mario"]
[Result "1-0"]
[ECO "C77"]
[WhiteElo "2013"]
[BlackElo "2059"]
[Annotator "NA RC"]
[PlyCount "57"]
[EventDate "2019.10.14"]
[EventType "swiss"]
[EventCountry "URU"]
[SourceTitle "playchess.com"]
[Source "ChessBase"]
[SourceQuality "1"]
[TimeControl "5400+30"]

1. e4 e5 2. Nf3 Nc6 3. Bb5 a6 4. Ba4 Nf6 5. d3 b5 6. Bb3 Bc5 7. Nc3 h6 {[%emt 0:00:36] C77: Ruy Lopez: 3...a6 4 Ba4 Nf6, unusual lines} 8. a4 (8. Nd5 Rb8 9. c3 d6 10. O-O O-O 11. Be3 Nxd5 12. Bxd5 Bxe3 13. fxe3 Ne7 14. Bb3 Be6 15. Nh4 {½-½ (34) Vachier Lagrave,M (2775)-Anand,V (2764) Paris 2019}) 8... Rb8 9. axb5 axb5 10. Be3 Bb4 $146 ({Predecessor:} 10... d6 11. h3 O-O 12. O-O Re8 13. Nd5 Nxd5 14. Bxd5 Ne7 15. Bxc5 dxc5 16. Nxe5 Nxd5 {1-0 (38) Naiditsch,A (2664)-Kazhgaleyev,M (2606) Venacu 2006}) 11. O-O O-O 12. Nd5 Be7 13. h3 d6 14. Qd2 Be6 15. Ra6 Bd7 16. Rfa1 Re8 17. Qc3 Nxd5 18. Bxd5 Nd4 19. Nxd4 exd4 20. Bxd4 c5 21. Be3 ({But not} 21. Bxg7 $6 b4 $11) 21... Bf6 22. Qb3 Be6 23. Bf4 c4 24. Qb4 Bxd5 25. Rxd6 $14 (25. exd5 $16 Be5 26. Bxe5 Rxe5 27. dxc4 (27. Rxd6 Qf8 $16)) 25... Qe7 26. exd5 Bd4 27. c3 Bb6 28. dxc4 bxc4 29. Rxb6 1-0